← All builds
Air / Cortex / Economy first / OBSERVED BUILD

Standard air

Cortex Air build order · Supreme Isthmus

Economy-first air build: Aircraft Plant then Advanced Metal Extractor and Fusion Reactor, making transports and scouts for allies while transitioning into fighters and occasional bombers over the whole game.

Usually transports first (78%)

#eco #air #team support · 1529 distinct matches · 254 players · 81% of Cortex Air games · team won 46% of 1836 · Recently observed

HOW TO PLAY IT

Key timing: Aircraft Plant by 1:24

  1. Open 3 mex and wind, then drop Aircraft Plant early.
  2. Finish Aircraft Plant and start fighters for scouting and defense.
  3. Eat the Aircraft Plant once production needs outgrow it.
  4. Get Advanced Metal Extractor up to scale eco.
  5. Bring Fusion Reactor online and keep feeding transports, scouts, fighters to allies.

Phase by phase

TYPICAL OF ITS 1529 GAMES
  1. 1
  2. 2
  3. 3
PLAY THE OPENING

Follow the example game's first 6:00 step by step: what to build now, what comes next, and where it goes. At 1× it keeps pace with your own game.

  1. 1

    Up to the Aircraft Plant

    Economy
    • Metal Extractor3Mex
    • Wind Turbine4Wind
    Order
    1. Aircraft PlantAircraft Plant after 3 mex, 4 winddone ~1:26, middle half 1:14–1:35

    Some games also: energy storage (38%)

    By 1:07 in all: 3 mex · 4 wind

    The example game in this phase · 3 steps
    1. Mex ×3
    2. Wind ×4
    3. Aircraft PlantAircraft Plantdone 1:14 · typical 1:26
  2. 2

    Aircraft Plant to 5:00

    Economy
    • Metal Extractor1Mex
    • Wind Turbine9Wind
    • Wind Turbine3Wind
    Builders
    • Construction Turret2 Con turret
    • Construction Aircraft1 Con aircraft
    Army
    • Valiant5 Valiant
    • Hercules2 Light transport for allies
    • Finch2 Finch for allies
    • Finch1 Finch
    • Hephaestus1 Heavy transport for allies

    Some games also: shuriken (49%) · energy storage (45%) · converter (44%) · light transport (40%)

    By 5:00 in all: 3 mex · 1 mex · 13 wind · 3 wind · 1 energy storage · 2 con turret

    The example game in this phase · 45 steps
    1. FinchFinch
    2. Wind
    3. ValiantValiant
    4. Wind ×2
    5. Construction AircraftCon aircraft
    6. Wind
    7. ValiantValiant
    8. Con turret
    9. Wind
    10. HephaestusHeavy transportfor Beach sea
    11. Wind ×3
    12. Con turret
    13. HerculesLight transportfor Geo sea
    14. Converter
    15. Wind
    16. Converter
    17. Wind
    18. ShurikenShuriken
    19. Converter
    20. Wind
    21. ShurikenShuriken
    22. Wind
    23. ShurikenShuriken
    24. Converter ×2
    25. HerculesLight transportfor Tech
    26. Converter
    27. Wind ×2
    28. HerculesLight transportfor Tech
    29. Wind
    30. Converter
    31. Wind
    32. ValiantValiant
    33. Converter
    34. Wind
    35. Wind
    36. HephaestusHeavy transportfor Tech
    37. Wind
    38. Wind
    39. Wind ×2
    40. Wind
    41. Energy storage
    42. ValiantValiant
    43. Wind
    44. Converter
    45. Wind
  3. 3

    5:00 to 10:00

    Economy
    • Wind Turbine21Wind
    • Wind Turbine5Wind
    • Energy Converter6Converter
    Order
    1. Aircraft PlantEat Aircraft Plant
    2. Aircraft PlantAircraft Plant after 19 wind, 18 wind, 7 converterin 58% of games
    Builders
    • Construction Turret3 Con turret
    Army
    • Valiant9 Valiant

    Some games also: shuriken (47%) · fusion (38%) · con aircraft (34%) · light transport (31%)

    By 10:00 in all: 3 mex · 1 mex · 25 wind · 20 wind · 8 converter · 1 energy storage

    The example game in this phase · 45 steps
    1. ValiantValiant
    2. Wind ×2
    3. ValiantValiant
    4. Wind
    5. Converter
    6. ValiantValiant
    7. Wind
    8. Aircraft PlantEat Aircraft Plantreclaimed for its metal
    9. Converter
    10. Wind
    11. Converter
    12. Con turret
    13. Advanced Metal ExtractorT2 mexdone 6:29 · typical 6:54
    14. Con turret
    15. Advanced Metal ExtractorT2 mex ×3
    16. Con turret ×2
    17. Aircraft PlantAircraft Plantdone 7:36
    18. Construction AircraftCon aircraftfor Beach sea
    19. Advanced Aircraft PlantAdvanced Aircraft Plantnot finished by 15:00
    20. Con turret
    21. Wind ×2
    22. Con turret
    23. Advanced Aircraft PlantEat Advanced Aircraft Plantreclaimed for its metal
    24. Wind
    25. Construction AircraftCon aircraft
    26. Wind
    27. Fusion ReactorFusiondone 9:09 · typical 10:52
    28. Wind
    29. Con turret
    30. Wind
    31. Con turret
    32. Wind ×5
    33. T2 converter ×2
    34. Con turret ×2
    35. FalconFighter ×4
    36. Wind
    37. FalconFighter ×11
    38. Wind
    39. FalconFighter ×5
    40. Aircraft PlantEat Aircraft Plantreclaimed for its metal
    41. Fusion ReactorFusion
    42. Wind ×2
    43. Advanced Fusion ReactorAdvanced Fusion Reactornot finished by 15:00
    44. Con turret ×2
    45. Wind

Counts are medians over the build's games: half of them build more, half fewer. The example game is whitetiger2819's (31 OS, 27/09/2026); pick another.

Team trades

IN AT LEAST 30% OF ITS GAMES

You hand over

  • Finch2 Finch to Geo sea or Beach seafirst at 1:50 · in 96% of games
  • Hercules3 Light transport to Tech or Geo sea or Beach seafirst at 2:06 · in 99% of games
  • Hephaestus1 Heavy transport to Beach sea or Pond or Techfirst at 2:22 · in 71% of games

You get

  • Wind Turbine3 Wind from Beach sea or Geo seafirst at 1:37 · in 64% of games
  • Wind Turbine3 Wind from Beach sea or Geo sea or Pondfirst at 1:42 · in 46% of games
  • Construction Bot1 Con bot from Techfirst at 2:22 · in 88% of games
  • Advanced Construction Bot1 T2 con bot from Techfirst at 6:05 · in 96% of games

How it plays out

Typical game of this build, running totals by minute

Metal produced

010k20k30k
0:005:0010:0015:00

metal

Enemy metal destroyed

01k2k
0:005:0010:0015:00

metal

Own metal lost

01k2k3k
0:005:0010:0015:00

metal

1836 games.

Show as table
ByMetal produced: This buildEnemy metal destroyed: This buildOwn metal lost: This build
1:0039200
2:0092300
3:00145600
4:002052051
5:0027635173
6:003707102124
7:005089146169
8:006903190219
9:009282230271
10:0011758292379
11:0014379366535
12:0017077511778
13:00198737701089
14:002271112571687
15:002574318182435
WHAT THE NUMBERS SAY

Standard air play wins less than half its games, with very low combat losses and kills since the role mostly supports rather than fights.

  • + Own metal lost stays very low, only 2701 by 15:00.
  • + Metal production reaches 25740 by 15:00, a strong support economy.
  • − Team wins under half of games (47%).
  • − Enemy metal destroyed stays low at 2097 by 15:00, showing little direct impact.
THE EXAMPLE YOU ARE READING

whitetiger2819

30.6 OS · 27/09/2026

Open source match ↗

6 received units · includes a constructor
575 metal received · 154847 energy received

Allied construction assistance is unknown. Timings are observations, not a promise of solo reproducibility.

Typical milestones

Aircraft Plant1:26Middle 50%: 1:14–1:35 · n=1836
Advanced Metal Extractor6:54Middle 50%: 6:27–7:26 · n=1775
Fusion Reactor10:52Middle 50%: 9:45–12:16 · n=1179

Played most by

TheGeneraI114games of this buildDad_The_Speedrunner72games of this buildHunfore62games of this buildDRM52games of this buildMilkdragon52games of this build